 Dungeon Crawl Stone Soup version 0.30.1-9-gdf580d7c3d (webtiles) character file.

Game seed: 4373879152515096413

137 Psyclone the Conjurer (level 5, 0/28 HPs)
             Began as a Deep Elf Conjurer on Sept 29, 2023.
             Slain by an orc wizard
             ... wielding a +0 dagger
              (1 damage)
             ... on level 3 of the Dungeon.
             The game lasted 00:03:10 (2208 turns).

Psyclone the Conjurer (Deep Elf Conjurer)           Turns: 2208, Time: 00:03:10

Health: 0/28       AC:  2    Str:  4    XL:     5   Next: 0%
Magic:  1/14       EV: 12    Int: 25    God:
Gold:   125        SH:  0    Dex: 13    Spells: 11/14 levels left

rFire   . . .        e - +0 dagger (venom)
rCold   . . .        (no shield)
rNeg    . . .        a - +0 robe
rPois   .            (no helmet)
rElec   .            (no cloak)
rCorr   .            (no gloves)
SInv    .            (no boots)
Will    .....        (no amulet)
Stlth   +            (no ring)
HPRegen 0.24/turn    (no ring)
MPRegen 0.14/turn

%: no passive effects
@: confused
A: no striking features
a: no special abilities


You were on level 3 of the Dungeon.
You visited 1 branch of the dungeon, and saw 3 of its levels.

You collected 125 gold pieces.

Inventory:

Hand Weapons
 e - a +0 dagger of venom (weapon)
Armour
 a - a +0 robe (worn)
Magical Staves
 c - a staff of cold
Scrolls
 f - 2 scrolls of identify {unknown}
 j - a scroll of teleportation {unknown}
Potions
 b - a potion of magic
 d - a potion of ambrosia {unknown}
 g - a potion of mutation {unknown}
 h - a potion of lignification {unknown}
 i - a potion of attraction {unknown}


   Skills:
 - Level 2.4 Dodging
 - Level 2.4 Stealth
 + Level 5.3 Spellcasting
 + Level 5.8 Conjurations


You had 11 spell levels left.
You knew the following spells:

 Your Spells              Type           Power      Damage    Failure   Level
a - Magic Dart            Conj           100%       1d8       1%          1
b - Searing Ray           Conj           70%        2d7       1%          2

Your spell library contained the following spells:

 Spells                   Type           Power      Damage    Failure   Level
 Dazzling Flash           Conj/Hex       42%        N/A       7%          3
 Beastly Appendage        Tmut           12%        N/A       8%          1
 Wereblood                Tmut           6%         N/A       12%         2
 Spider Form              Tmut/Pois      6%         N/A       24%         3
 Fulminant Prism          Conj/Hex       10%        3d9       24%         4
 Iskenderun's Mystic Bla  Conj/Tloc      21%        2d6       24%         4


Dungeon Overview and Level Annotations

Branches:
Dungeon (3/15) Zot: 15792

Altars:


Message History

You feel a bit more experienced. Something hits you.
Deactivating autopickup; reactivate with Ctrl-A.
You have reached level 5!
You now have 1/14 mp.
Casting: Magic Dart (safe; 1% risk of failure)
Confirm with . or Enter, or press ? or * to list all spells.
Aiming: Magic Dart (safe; 1% risk of failure)
Press: ? - help, Shift-Dir - straight line, f/p - endoplasm
Aim: an endoplasm (100% to hit)
The magic dart hits the endoplasm.
The endoplasm is lightly wounded.
The endoplasm hits you.
You hear some strange, mumbled words.
You are confused.
You hear a shout!
You're too confused to cast spells.
Unknown command.
You take 1 damage, and have 9/28 hp.
You now have 0/14 mp.
You're too confused to cast spells.
You're too confused to cast spells.
You bump into the rock wall.
You hear a shout!
The endoplasm hits you.
* * * LOW HITPOINT WARNING * * *
You hear some strange, mumbled words.
A magic dart appears from out of thin air!
The magic dart hits you.
* * * LOW HITPOINT WARNING * * *
You hear a shout!
You take 4 damage, and have 5/28 hp.
You hit something. The endoplasm hits you.
* * * LOW HITPOINT WARNING * * *
Something hits you.
* * * LOW HITPOINT WARNING * * *
A kobold comes into view. It is wielding a +0 short sword.
You take 3 damage, and have 2/28 hp.
You bump into the rock wall.
The endoplasm hits you.
* * * LOW HITPOINT WARNING * * *
Something hits you.
You die...

$. .# ..
#( #.## .
.o# ...
#J##.....
#@{..#
###K.# .#
#


You could see an orc, an endoplasm and a kobold.

Vanquished Creatures
  A hound (D:2)
  An orc wizard (D:3)
  2 adders (D:2)
  2 worms (D:2)
  4 dart slugs
  An orc (D:3)
  6 ball pythons
  6 endoplasms
  3 giant cockroaches
  3 goblins (D:1)
  2 hobgoblins (D:2)
  2 kobolds (D:1)
  2 quokkas
  7 bats
  3 frilled lizards (D:2)
  9 rats
54 creatures vanquished.

Notes
Turn   | Place    | Note
-------+----------+-------------------------------------------
     0 | D:1      | Psyclone the Deep Elf Conjurer began the quest for the Orb.
     0 | D:1      | Reached XP level 1. HP: 10/10 MP: 6/6
   163 | D:1      | Reached XP level 2. HP: 15/15 MP: 2/8
   394 | D:1      | Learned a level 2 spell: Searing Ray
   729 | D:1      | Reached skill level 5 in Conjurations
   764 | D:1      | Reached XP level 3. HP: 19/19 MP: 8/10
  1120 | D:2      | Reached XP level 4. HP: 24/24 MP: 9/12
  1805 | D:2      | Reached skill level 5 in Spellcasting
  2205 | D:3      | Reached XP level 5. HP: 10/28 MP: 1/14
  2208 | D:3      | HP: 1/28 [endoplasm (1)]
  2208 | D:3      | Slain by an orc wizard

Illustrated notes

Levels and vault maps discovered:
D:1:      dpeg_arrival_simpleton_c, layout_loops_ring
D:2:      layout_loops_corners
D:3:      layout_rooms, slow_altar_2, nicolae_yredelemnul_ghost_church

Skill      XL: |  1  2  3  4 |
---------------+-------------+-----
Spellcasting   | 4 5 |  5.3
Conjurations   | 5 |  5.8
Dodging        | |  2.4
Stealth        | |  2.4

Action                     |  1- 3 |  4- 6 || total
---------------------------+-------+-------++-------
  Melee: Dagger            |       |     1 ||     1
   Cast: Magic Dart        |    59 |    57 ||   116
 Armour: Robe              |       |     1 ||     1
  Dodge: Dodged            |     3 |     4 ||     7
